 Dungeon Crawl Stone Soup version 0.16.1-12-gf5c4a84 (webtiles) character file.

144 jacksonaction the Poker (level 5, -7/36 HPs)
             Began as an Octopode Fighter on Apr 9, 2015.
             Was an Initiate of Ashenzari.
             Mangled by an iguana (11 damage)
             ... on level 4 of the Dungeon.
             The game lasted 00:16:32 (2876 turns).

jacksonaction the Poker (Octopode Fighter)          Turns: 2876, Time: 00:16:32

Health: -7/36      AC:  1    Str: 20    XL:     5   Next: 27%
Magic:  5/5        EV: 10    Int: 11    God:    Ashenzari [......]
Gold:   195        SH:  9    Dex: 12    Spells: 0 memorised, 4 levels left

rFire  . . .     SeeInvis .     a - +0 trident
rCold  . . .     Clarity  .     c - +0 shield (curse)
rNeg   . . .     SustAb   .     (helmet restricted)
rPois  .         Gourm    .     (no amulet)
rElec  .         Spirit   .     p - +5 ring of strength (curse)
rCorr  .         Warding  .     (no ring)
rMut   .         Stasis   .     (no ring)
MR     .....                    (no ring)
Stlth  ++........               (no ring)
                                (no ring)
                                (no ring)
                                (no ring)

@: not resistant to hostile enchantments, unstealthy
A: almost no armour, amphibious, 8 rings, constrict 8, camouflage 1, gelatinous
body 1
a: Renounce Religion


You were on level 4 of the Dungeon.
You worshipped Ashenzari.
Ashenzari was noncommittal.
You were not hungry.

You visited 1 branch of the dungeon, and saw 4 of its levels.

You collected 195 gold pieces.

Inventory:

Hand weapons
 a - a +0 trident (weapon)
 g - a +0 whip
Missiles
 b - 155 stones (quivered)
Armour
 c - a cursed +0 shield (worn)
Jewellery
 p - a cursed +5 ring of strength (left tentacle)
Scrolls
 l - a scroll of enchant weapon {unknown}
 m - 2 scrolls of identify {unknown}
 H - a scroll of curse armour
 K - a scroll of magic mapping {unknown}
 Q - a scroll of amnesia {unknown}
 R - a scroll of teleportation {unknown}
Potions
 e - a potion of might
 h - a potion of heal wounds {unknown}
 n - 2 potions of restore abilities {unknown}
 J - 2 potions of brilliance {unknown}
 U - a potion of poison {unknown}
Comestibles
 d - 2 bread rations
 f - a slice of pizza
 x - 3 meat rations
 E - 5 fruits
 T - a royal jelly


   Skills:
 - Level 3.0 Fighting
 + Level 5.3 Polearms
 - Level 3.0 Dodging
 - Level 3.0 Shields


You had 4 spell levels left.
You didn't know any spells.

Dungeon Overview and Level Annotations

Branches:
Dungeon (4/15)
 Temple: D:4-7

Altars:
Ashenzari


Innate Abilities, Weirdness & Mutations

You cannot wear most types of armour.
You are amphibious.
You can wear up to eight rings at the same time.
You can use your tentacles to constrict many enemies at once.
Your skin changes colour to match your surroundings (Stealth).
Your rubbery body absorbs attacks (AC +1).


Message History

The worker ant is heavily wounded.
You constrict the worker ant. The worker ant bites you.
You puncture the worker ant!
You kill the worker ant!
You block the iguana's attack.
You hit the iguana. You grab the iguana. Your squeeze misses the iguana.
The iguana is lightly wounded.
You constrict the iguana. The iguana bites you!
You hit the iguana but do no damage.
The iguana is lightly wounded.
You constrict the iguana. The iguana closely misses you. The iguana bites you!
* * * LOW HITPOINT WARNING * * *
You hit the iguana but do no damage. You squeeze the iguana.
The iguana is heavily wounded.
You constrict the iguana. You block the iguana's attack.
You completely miss the iguana. Your squeeze misses the iguana.
The iguana is severely wounded.
You constrict the iguana, but do no damage.
The iguana bites you!
You die...

... #... .#
#...# .# #...
..# #...## ..###
#....### #....#
#......##.......
#...<..l...#
#.......@###
#.......##
#......##
#.....## #.....#
#.....# #.>...#
##.


You could see an iguana.

Vanquished Creatures
  A worker ant (D:4)
  4 adders
  2 giant mites (D:3)
  2 worms (D:2)
  2 giant geckos (D:1)
  An ooze (D:2)
  An orc (D:3)
  3 giant cockroaches
  7 hobgoblins
  9 jackals
  3 kobolds
  3 quokkas
  6 bats
  3 giant newts (D:1)
  5 goblins
  6 rats
58 creatures vanquished.

Notes
Turn   | Place    | Note
--------------------------------------------------------------
     0 | D:1      | jacksonaction, the Octopode Fighter, began the quest for the Orb.
     0 | D:1      | Reached XP level 1. HP: 16/16 MP: 1/1
   103 | D:1      | Reached XP level 2. HP: 18/21 MP: 2/2
   988 | D:2      | Reached XP level 3. HP: 23/26 MP: 3/3
  1346 | D:2      | Reached skill level 4 in Polearms
  1560 | D:2      | Reached XP level 4. HP: 31/31 MP: 4/4
  2409 | D:3      | Reached skill level 5 in Polearms
  2412 | D:3      | Found a shattered altar of Ashenzari.
  2559 | D:3      | Became a worshipper of Ashenzari the Shackled
  2593 | D:3      | Reached XP level 5. HP: 33/36 MP: 5/5
  2876 | D:4      | Mangled by an iguana

Action                   |  1- 3 |  4- 6 || total
-------------------------+-------+-------++-------
Melee: Trident           |    95 |    51 ||   146
Throw: Stone             |    39 |    24 ||    63
  Use: Scroll            |       |     2 ||     2
 Stab: Sleeping          |     6 |     3 ||     9
  Eat: Chunk             |     2 |     4 ||     6
